EL
MOBILE BAYBEARS @ ALTOONA CURVE
08/19/2049
 
TOP OF THE 1ST
Mobile BayBears batting - Pitching for Altoona Curve : RHP Rogelio Nunez
Pitching: RHP Rogelio Nunez
Batting: RHB Luke Stark 0-0: Called Strike
0-1: Called Strike
0-2: Strikes out swinging
Batting: RHB Francisco Gutierrez 0-0: Foul Ball, location: 2F
0-1: Ball
1-1: Ground out U3 (Groundball, 3S, EV 79.4 MPH)
Batting: LHB Yao-pang Tien 0-0: Ball
1-0: Ball
2-0: Called Strike
2-1: Ground out 6-3 (Groundball, 4M, EV 81.9 MPH)
Top of the 1st over - 0 runs, 0 hits, 0 errors, 0 left on base; Mobile 0 - Altoona 0
BOTTOM OF THE 1ST
Altoona Curve batting - Pitching for Mobile BayBears : LHP Antoine Champagne
Pitching: LHP Antoine Champagne
Batting: RHB Alex Arzate 0-0: Swinging Strike
0-1: Ground out 5-3 (Groundball, 56, EV 81.2 MPH)
Batting: RHB Chris McCoy 0-0: Ball
1-0: SINGLE (Groundball, 6MS, EV 70.6 MPH) (infield hit)
Batting: LHB Josh Aerni 0-0: Called Strike
0-1: Called Strike
0-2: Ball
1-2: Foul Ball, location: 2F
1-2: Foul Ball, location: 2F
1-2: Ball
2-2: Strikes out swinging
Batting: RHB Brandon White 0-0: Ball
1-0: Swinging Strike
1-1: Ball
2-1: Ball
3-1: Called Strike
3-2: Fly out, F7 (Flyball, 7D, EV 91.9 MPH)
Bottom of the 1st over - 0 runs, 1 hit, 0 errors, 1 left on base; Mobile 0 - Altoona 0
TOP OF THE 2ND
Mobile BayBears batting - Pitching for Altoona Curve : RHP Rogelio Nunez
Batting: RHB Seth Tramontano 0-0: Called Strike
0-1: Foul Ball, location: 2F
0-2: Strikes out looking
Batting: LHB Frank Mullen 0-0: Ball
1-0: Swinging Strike
1-1: Called Strike
1-2: Ball
2-2: Foul Ball, location: 2F
2-2: Foul Ball, location: 2F
2-2: Ball
3-2: Ground out 6-3 (Groundball, 6M, EV 104.4 MPH)
Batting: RHB Paul Schreiber 0-0: SINGLE (Groundball, 6MD, EV 94.4 MPH)
Batting: LHB T.J. Duvall 0-0: Called Strike
0-1: Ball
1-1: Called Strike
1-2: Foul Ball, location: 2F
1-2: Fielders Choice at 2nd, 6-4 (Groundball, 6, EV 89.4 MPH)
Top of the 2nd over - 0 runs, 1 hit, 0 errors, 1 left on base; Mobile 0 - Altoona 0
BOTTOM OF THE 2ND
Altoona Curve batting - Pitching for Mobile BayBears : LHP Antoine Champagne
Batting: LHB Joe Wise 0-0: Called Strike
0-1: Ground out 1-3 (Groundball, 13S, EV 76.9 MPH)
Batting: RHB Steve Terres 0-0: Called Strike
0-1: Ball
1-1: DOUBLE (Flyball, 78XD, EV 101.9 MPH)
Batting: RHB Tim Moore 0-0: Foul Ball, location: 2F
0-1: Ball
1-1: Called Strike
1-2: Ball
2-2: Strikes out swinging
Batting: RHB Terrence Wilson 0-0: Ball
Wild Pitch!
Steve Terres to third
1-0: Called Strike
1-1: Called Strike
1-2: Ball
2-2: Foul Ball, location: 2F
2-2: Foul Ball, location: 2F
2-2: Strikes out swinging
Bottom of the 2nd over - 0 runs, 1 hit, 0 errors, 1 left on base; Mobile 0 - Altoona 0
TOP OF THE 3RD
Mobile BayBears batting - Pitching for Altoona Curve : RHP Rogelio Nunez
Batting: RHB Carlos Ballesteros 0-0: Ball
1-0: Ground out 5-3 (Groundball, 56, EV 98.8 MPH)
Batting: RHB Sean Tanner 0-0: Ball
1-0: Foul Ball, location: 2F
1-1: Ground out 4-3 (Groundball, 4, EV 86.2 MPH)
Batting: RHB Luke Stark 0-0: Ball
1-0: Called Strike
1-1: Swinging Strike
1-2: Foul Ball, location: 2F
1-2: Strikes out swinging
Top of the 3rd over - 0 runs, 0 hits, 0 errors, 0 left on base; Mobile 0 - Altoona 0
BOTTOM OF THE 3RD
Altoona Curve batting - Pitching for Mobile BayBears : LHP Antoine Champagne
Batting: RHB Joe Young 0-0: Called Strike
0-1: Ground out 2-3 (Groundball, 2L, EV 71.2 MPH)
Batting: RHB Alex Arzate 0-0: Called Strike
0-1: Ball
1-1: Swinging Strike
1-2: Ground out 4-3 (Groundball, 4, EV 106.2 MPH)
Batting: RHB Chris McCoy 0-0: Foul Ball, location: 2F
0-1: Called Strike
0-2: Strikes out looking
Bottom of the 3rd over - 0 runs, 0 hits, 0 errors, 0 left on base; Mobile 0 - Altoona 0
TOP OF THE 4TH
Mobile BayBears batting - Pitching for Altoona Curve : RHP Rogelio Nunez
Batting: RHB Francisco Gutierrez 0-0: Ball
1-0: Ball
2-0: SINGLE (Groundball, 6D, EV 104.4 MPH)
Batting: LHB Yao-pang Tien 0-0: Ball
1-0: Called Strike
Francisco Gutierrez steals 2nd base
1-1: Ball
2-1: Ball
3-1: Base on Balls
Batting: RHB Seth Tramontano 0-0: Called Strike
0-1: Ball
1-1: Ball
Francisco Gutierrez steals 3rd base
Yao-pang Tien to second
2-1: Foul Ball, location: 2F
2-2: SINGLE (Line Drive, 3D, EV 111.2 MPH)
Francisco Gutierrez scores
Yao-pang Tien to third
Batting: LHB Frank Mullen 0-0: Ball
1-0: Called Strike
1-1: Ball
2-1: Ball
3-1: Foul Ball, location: 2F
3-2: Foul Ball, location: 2F
3-2: Fly out, F6 (Line Drive, 6, EV 66.2 MPH)
Batting: RHB Paul Schreiber 0-0: Foul Ball, location: 2F
0-1: Ball
1-1: Ball
2-1: SINGLE (Groundball, 4D, EV 95.0 MPH)
Yao-pang Tien scores
Seth Tramontano to second
Runner from 2nd tries for 3rd, SAFE, throw by RF made to third
Paul Schreiber to second
Batting: LHB T.J. Duvall 0-0: Ball
1-0: Swinging Strike
1-1: Ball
2-1: Foul Ball, location: 2F
2-2: Foul Ball, location: 2F
2-2: Ground out 5-3 (Groundball, 6, EV 105.6 MPH)
Seth Tramontano scores
Batting: RHB Carlos Ballesteros 0-0: Called Strike
0-1: Ground out 4-3 (Groundball, 4M, EV 88.8 MPH)
Top of the 4th over - 3 runs, 3 hits, 0 errors, 1 left on base; Mobile 3 - Altoona 0
BOTTOM OF THE 4TH
Altoona Curve batting - Pitching for Mobile BayBears : LHP Antoine Champagne
Batting: LHB Josh Aerni 0-0: Ball
1-0: Ball
2-0: Ball
3-0: Foul Ball, location: 2F
3-1: Base on Balls
Batting: RHB Brandon White 0-0: Foul Ball, location: 2F
0-1: SINGLE (Line Drive, 7S, EV 95.0 MPH)
Josh Aerni to second
Batting: LHB Joe Wise 0-0: Ball
1-0: Swinging Strike
1-1: Swinging Strike
1-2: DOUBLE (Line Drive, 89D, EV 98.8 MPH)
Josh Aerni scores
Brandon White to third
Batting: RHB Steve Terres 0-0: Ground out 4-3 (Groundball, 4, EV 77.5 MPH)
Brandon White scores
Joe Wise to third
Batting: RHB Tim Moore 0-0: Ball
1-0: Ball
2-0: Fly out, F9 (Flyball, 9S, EV 92.5 MPH)
Batting: RHB Terrence Wilson 0-0: Ball
1-0: Ball
2-0: Called Strike
2-1: Foul Ball, location: 2F
2-2: Foul Ball, location: 2F
2-2: Fly out, F4 (Flyball, 4D, EV 94.4 MPH)
Bottom of the 4th over - 2 runs, 2 hits, 0 errors, 1 left on base; Mobile 3 - Altoona 2
TOP OF THE 5TH
Mobile BayBears batting - Pitching for Altoona Curve : RHP Rogelio Nunez
Batting: RHB Sean Tanner 0-0: Ball
1-0: Foul Ball, location: 2F
1-1: Ball
2-1: Swinging Strike
2-2: Strikes out swinging, 2-3 out at first.
Batting: RHB Luke Stark 0-0: Ball
1-0: Fly out, F8 (Flyball, 8LXD, EV 93.1 MPH)
Batting: RHB Francisco Gutierrez 0-0: Ball
1-0: Reached on error, E4 (Groundball, 4, EV 99.4 MPH)
Batting: LHB Yao-pang Tien 0-0: Ball
1-0: Ball
Francisco Gutierrez steals 2nd base
2-0: SINGLE (Flyball, 56D, EV 94.4 MPH) - OUT at second base trying to stretch hit.
Francisco Gutierrez scores
Top of the 5th over - 1 run, 1 hit, 1 error, 0 left on base; Mobile 4 - Altoona 2
BOTTOM OF THE 5TH
Altoona Curve batting - Pitching for Mobile BayBears : LHP Antoine Champagne
Batting: RHB Joe Young 0-0: Ball
1-0: Ball
2-0: DOUBLE (Groundball, 5L, EV 107.5 MPH)
Batting: RHB Alex Arzate 0-0: Ball
1-0: Swinging Strike
1-1: Ball
2-1: Foul Ball, location: 2F
2-2: Ground out 6-3 (Groundball, 6, EV 105.0 MPH)
Batting: RHB Chris McCoy 0-0: Called Strike
0-1: Ball
1-1: Ground out 6-3 (Groundball, 6, EV 92.5 MPH)
Batting: LHB Josh Aerni 0-0: Called Strike
0-1: Ball
1-1: SINGLE (Groundball, 6MS, EV 70.0 MPH) (infield hit)
Joe Young to third
Batting: RHB Brandon White 0-0: Foul Ball, location: 2F
0-1: Ball
1-1: Ball
2-1: Ball
3-1: Fielders Choice at 2nd, 6-4 (Groundball, 6, EV 85.0 MPH)
Bottom of the 5th over - 0 runs, 2 hits, 0 errors, 2 left on base; Mobile 4 - Altoona 2
TOP OF THE 6TH
Mobile BayBears batting - Pitching for Altoona Curve : RHP Rogelio Nunez
Batting: RHB Seth Tramontano 0-0: Ball
1-0: Foul Ball, location: 2F
1-1: Ball
2-1: Foul Ball, location: 2F
2-2: Ball
3-2: Foul Ball, location: 2F
3-2: DOUBLE (Line Drive, 89D, EV 101.9 MPH)
Batting: LHB Frank Mullen 0-0: Ball
1-0: Ball
2-0: Foul Ball, location: 2F
2-1: Foul Ball, location: 2F
2-2: Ball
3-2: Foul Ball, location: 2F
3-2: Base on Balls
Batting: RHB Paul Schreiber 0-0: Ball
1-0: Swinging Strike
1-1: SINGLE (Groundball, 56S, EV 68.8 MPH) (infield hit)
Seth Tramontano to third
Frank Mullen to second
Batting: LHB T.J. Duvall 0-0: Foul Ball, location: 2F
0-1: Fly out, F3 (Popup, 3, EV 76.2 MPH)
Batting: RHB Carlos Ballesteros 0-0: Ball
1-0: Ball
2-0: Swinging Strike
2-1: Ball
3-1: Fielders Choice at 2nd, 5-4 (Groundball, 56, EV 77.5 MPH)
Seth Tramontano scores
Frank Mullen to third
Pitching: RHP Dave Weinraub
Batting: RHB Sean Tanner 0-0: Called Strike
0-1: Foul Ball, location: 2F
0-2: Foul Ball, location: 2F
0-2: Ball
1-2: Strikes out swinging
Top of the 6th over - 1 run, 2 hits, 0 errors, 2 left on base; Mobile 5 - Altoona 2
BOTTOM OF THE 6TH
Altoona Curve batting - Pitching for Mobile BayBears : LHP Antoine Champagne
Batting: LHB Joe Wise 0-0: Ball
1-0: Fly out, F9 (Line Drive, 9S, EV 99.4 MPH)
Batting: RHB Steve Terres 0-0: Ball
1-0: Called Strike
1-1: Ball
2-1: Called Strike
2-2: Ball
3-2: Base on Balls
Batting: RHB Tim Moore 0-0: Ball
1-0: Fly out, F9 (Flyball, 9D, EV 91.2 MPH)
Batting: RHB Terrence Wilson 0-0: Called Strike
0-1: SINGLE (Groundball, 15S, EV 68.8 MPH) (infield hit)
Steve Terres to second
Pitching: LHP Heath Henderson
Batting: RHB Joe Young 0-0: Ball
1-0: Swinging Strike
1-1: Foul Ball, location: 2F
1-2: Foul Ball, location: 2F
1-2: Ball
2-2: Ball
3-2: Foul Ball, location: 2F
3-2: Base on Balls
Steve Terres to third
Terrence Wilson to second
Batting: RHB Alex Arzate 0-0: Called Strike
0-1: Swinging Strike
0-2: Strikes out swinging
Bottom of the 6th over - 0 runs, 1 hit, 0 errors, 3 left on base; Mobile 5 - Altoona 2
TOP OF THE 7TH
Mobile BayBears batting - Pitching for Altoona Curve : RHP Dave Weinraub
Batting: RHB Luke Stark 0-0: Called Strike
0-1: Foul Ball, location: 2F
0-2: Strikes out looking
Batting: RHB Francisco Gutierrez 0-0: Foul Ball, location: 2F
0-1: Ball
1-1: Foul Ball, location: 2F
1-2: Ball
2-2: Foul Ball, location: 2F
2-2: Strikes out swinging
Batting: LHB Yao-pang Tien 0-0: Ground out U3 (Groundball, 3L, EV 81.9 MPH)
Top of the 7th over - 0 runs, 0 hits, 0 errors, 0 left on base; Mobile 5 - Altoona 2
BOTTOM OF THE 7TH
Altoona Curve batting - Pitching for Mobile BayBears : LHP Heath Henderson
Batting: RHB Chris McCoy 0-0: Fly out, F7 (Flyball, 7D, EV 98.8 MPH)
Batting: LHB Josh Aerni 0-0: Foul Ball, location: 2F
0-1: Ball
1-1: DOUBLE (Line Drive, 78M, EV 91.9 MPH)
Batting: RHB Brandon White 0-0: Ball
1-0: Fly out, F7 (Line Drive, 7D, EV 94.4 MPH)
Batting: LHB Joe Wise 0-0: Ball
1-0: Ground out 5-3 (Groundball, 56, EV 85.6 MPH)
Bottom of the 7th over - 0 runs, 1 hit, 0 errors, 1 left on base; Mobile 5 - Altoona 2
TOP OF THE 8TH
Mobile BayBears batting - Pitching for Altoona Curve : RHP Dave Weinraub
Pitching: RHP Fred McIlrath
Batting: RHB Seth Tramontano 0-0: Ball
1-0: Ball
2-0: Foul Ball, location: 2F
2-1: Foul Ball, location: 2F
2-2: Ball
3-2: Foul Ball, location: 2F
3-2: Foul Ball, location: 2F
3-2: Strikes out swinging
Batting: LHB Frank Mullen 0-0: Fly out, F6 (Popup, 15S, EV 80.6 MPH)
Batting: RHB Paul Schreiber 0-0: Ball
1-0: Fly out, F8 (Flyball, 8RM, EV 88.8 MPH)
Top of the 8th over - 0 runs, 0 hits, 0 errors, 0 left on base; Mobile 5 - Altoona 2
BOTTOM OF THE 8TH
Altoona Curve batting - Pitching for Mobile BayBears : LHP Heath Henderson
Pitching: LHP Josh Hubbard
Batting: RHB Steve Terres 0-0: Ball
1-0: Called Strike
1-1: Ball
2-1: Foul Ball, location: 2F
2-2: Foul Ball, location: 2F
2-2: DOUBLE (Flyball, 8LXD, EV 111.2 MPH)
Batting: RHB Tim Moore 0-0: Ground out 4-3 (Groundball, 4, EV 100.6 MPH)
Steve Terres to third
Batting: RHB Terrence Wilson 0-0: Ground out 6-3 (Groundball, 6M, EV 86.9 MPH)
Steve Terres scores
Batting: RHB Joe Young 0-0: Called Strike
0-1: Ball
1-1: Swinging Strike
1-2: Ball
2-2: Strikes out swinging
Bottom of the 8th over - 1 run, 1 hit, 0 errors, 0 left on base; Mobile 5 - Altoona 3
TOP OF THE 9TH
Mobile BayBears batting - Pitching for Altoona Curve : RHP Fred McIlrath
Pitching: LHP Mike Alcaraz
Pinch Hitting: SHB Ken Welch 0-0: Ball
1-0: Ball
2-0: Ground out 6-3 (Groundball, 6, EV 89.4 MPH)
Batting: RHB Carlos Ballesteros 0-0: Foul Ball, location: 2F
0-1: Called Strike
0-2: Ball
1-2: Fly out, F8 (Flyball, 8LD, EV 96.2 MPH)
Batting: RHB Sean Tanner 0-0: Fly out, F9 (Flyball, 9D, EV 96.2 MPH)
Top of the 9th over - 0 runs, 0 hits, 0 errors, 0 left on base; Mobile 5 - Altoona 3
BOTTOM OF THE 9TH
Altoona Curve batting - Pitching for Mobile BayBears : LHP Josh Hubbard
Pitching: RHP Edwin Martinez
Now at 1B: Ken Welch
Now at 2B: Frank Mullen
Now at 3B: Reagan Dudley
Now at SS: Carlos Ballesteros
Batting: RHB Alex Arzate 0-0: Foul Ball, location: 2F
0-1: Ball
1-1: Foul Ball, location: 2F
1-2: Fly out, F7 (Flyball, 7D, EV 102.5 MPH)
Batting: RHB Chris McCoy 0-0: Foul Ball, location: 2F
0-1: Ground out U3 (Groundball, 3, EV 106.9 MPH)
Batting: LHB Josh Aerni 0-0: Ball
1-0: Ball
2-0: Swinging Strike
2-1: Fly out, F8 (Flyball, 8LS, EV 75.6 MPH)
Bottom of the 9th over - 0 runs, 0 hits, 0 errors, 0 left on base; Mobile 5 - Altoona 3
Sunday, July 16th , 2023 - OOTP Baseball 24.6 Build 69